PBL
PALM BEACH NATIONALS @ MADISON BREWERS
09/13/2046
 
TOP OF THE 1ST
Palm Beach Nationals batting - Pitching for Madison Brewers : LHP Jon Ortiz
Pitching: LHP Jon Ortiz
Batting: LHB Vince McLane 0-0: Ball
1-0: Ball
2-0: Foul Ball, location: 2F
2-1: Called Strike
2-2: Strikes out swinging
Batting: RHB Aaron Bateman 0-0: Called Strike
0-1: Called Strike
0-2: Strikes out swinging
Batting: LHB Chris Williams 0-0: Ball
1-0: Swinging Strike
1-1: Swinging Strike
1-2: Foul Ball, location: 2F
1-2: Foul Ball, location: 2F
1-2: Fly out, F8 (Flyball, 8LD, EV 93.1 MPH)
Top of the 1st over - 0 runs, 0 hits, 0 errors, 0 left on base; Palm Beach 0 - Madison 0
BOTTOM OF THE 1ST
Madison Brewers batting - Pitching for Palm Beach Nationals : RHP Greg Hall
Pitching: RHP Greg Hall
Batting: RHB Mohammed bin Ubaida 0-0: Called Strike
0-1: Ball
1-1: Ball
2-1: Ball
3-1: Base on Balls
Batting: LHB Alex Chairez 0-0: Foul Ball, location: 2F
0-1: Ball
Mohammed bin Ubaida is caught stealing 2nd base 2-6
1-1: Ball
2-1: Swinging Strike
2-2: Reached on error, E4 (Groundball, 4, EV 90.0 MPH)
Batting: LHB Steven Donovan 0-0: Swinging Strike
0-1: Ball
1-1: Foul Ball, location: 2F
1-2: Foul Ball, location: 2F
1-2: Foul Ball, location: 2F
1-2: Strikes out looking
Batting: LHB Dusty Bryant 0-0: Ball
1-0: Ball
2-0: Ball
3-0: Base on Balls
Batting: RHB Steve Errico 0-0: Ball
1-0: Called Strike
1-1: Called Strike
1-2: Ball
2-2: Strikes out swinging
Bottom of the 1st over - 0 runs, 0 hits, 1 error, 2 left on base; Palm Beach 0 - Madison 0
TOP OF THE 2ND
Palm Beach Nationals batting - Pitching for Madison Brewers : LHP Jon Ortiz
Batting: RHB Steve Kunselman 0-0: Called Strike
0-1: Foul Ball, location: 2F
0-2: Ball
1-2: Ball
2-2: Ball
3-2: Foul Ball, location: 2F
3-2: Foul Ball, location: 2F
3-2: Strikes out swinging
Batting: RHB Er Le 0-0: Foul Ball, location: 2F
0-1: Ball
1-1: Foul Ball, location: 2F
1-2: SINGLE (Groundball, 56S, EV 71.9 MPH) (infield hit)
Batting: SHB John Husson 0-0: Grounds into double play, 6-4-3 (Groundball, 6, EV 78.8 MPH)
Top of the 2nd over - 0 runs, 1 hit, 0 errors, 0 left on base; Palm Beach 0 - Madison 0
BOTTOM OF THE 2ND
Madison Brewers batting - Pitching for Palm Beach Nationals : RHP Greg Hall
Batting: RHB Xiao-shuang Au 0-0: Ball
1-0: Called Strike
1-1: Ball
2-1: Foul Ball, location: 2F
2-2: Strikes out swinging
Batting: LHB Tony Hasbun 0-0: Called Strike
0-1: Ground out 6-3 (Groundball, 6, EV 104.4 MPH)
Batting: LHB Jesus Huante 0-0: Ball
1-0: Swinging Strike
1-1: Ball
2-1: SINGLE (Flyball, 9LS, EV 91.9 MPH)
Batting: RHB Malcolm McCauley 0-0: Ball
1-0: Ball
2-0: Foul Ball, location: 2F
2-1: Foul Ball, location: 2F
2-2: Foul Ball, location: 2F
2-2: Foul Ball, location: 2F
2-2: Foul Ball, location: 2F
2-2: Strikes out swinging
Bottom of the 2nd over - 0 runs, 1 hit, 0 errors, 1 left on base; Palm Beach 0 - Madison 0
TOP OF THE 3RD
Palm Beach Nationals batting - Pitching for Madison Brewers : LHP Jon Ortiz
Batting: RHB Kenny Ball 0-0: Ball
1-0: Called Strike
1-1: Ball
2-1: Swinging Strike
2-2: Fly out, F5 (Flyball, 5D, EV 88.8 MPH)
Batting: RHB Joe Simmelink 0-0: Swinging Strike
0-1: Ball
1-1: Ball
2-1: Fly out, F8 (Flyball, 8RD, EV 93.8 MPH)
Batting: RHB Akira Ishihara 0-0: Called Strike
0-1: Ball
1-1: Foul Ball, location: 2F
1-2: Ball
2-2: Strikes out swinging
Top of the 3rd over - 0 runs, 0 hits, 0 errors, 0 left on base; Palm Beach 0 - Madison 0
BOTTOM OF THE 3RD
Madison Brewers batting - Pitching for Palm Beach Nationals : RHP Greg Hall
Batting: RHB Mohammed bin Ubaida 0-0: Called Strike
0-1: Called Strike
0-2: Strikes out swinging
Batting: LHB Alex Chairez 0-0: Foul Ball, location: 2F
0-1: Ball
1-1: Foul Ball, location: 2F
1-2: Ball
2-2: Foul Ball, location: 2F
2-2: Ball
3-2: SINGLE (Groundball, 34D, EV 98.1 MPH)
Batting: LHB Steven Donovan 0-0: Fly out, F8 (Line Drive, 8LM, EV 105.6 MPH)
Batting: LHB Dusty Bryant 0-0: Fielders Choice at 2nd, U6 (Groundball, 6MD, EV 86.9 MPH)
Bottom of the 3rd over - 0 runs, 1 hit, 0 errors, 1 left on base; Palm Beach 0 - Madison 0
TOP OF THE 4TH
Palm Beach Nationals batting - Pitching for Madison Brewers : LHP Jon Ortiz
Batting: LHB Vince McLane 0-0: Ball
1-0: Ball
2-0: SINGLE (Flyball, 8RS, EV 89.4 MPH)
Batting: RHB Aaron Bateman 0-0: Ball
1-0: Foul Ball, location: 2F
1-1: Ball
Wild Pitch!
Vince McLane to second
2-1: Swinging Strike
2-2: Ball
3-2: Foul Ball, location: 2F
3-2: Foul Ball, location: 2F
3-2: Base on Balls
Batting: LHB Chris Williams 0-0: Foul Ball, location: 2F
0-1: Foul Ball, location: 2F
0-2: Ball
1-2: Ball
2-2: Foul Ball, location: 2F
2-2: Ball
3-2: Fielders Choice at 2nd, 4-6 (Groundball, 4, EV 93.1 MPH)
Vince McLane to third
Batting: RHB Steve Kunselman 0-0: Ball
1-0: Ball
2-0: Ball
3-0: Base on Balls
Chris Williams to second
Batting: RHB Er Le 0-0: SINGLE (Line Drive, 9LS, EV 100.6 MPH)
Vince McLane scores
Chris Williams to third
Steve Kunselman to second
Runner from 3rd tries for Home, SAFE, throw by RF to home
Batting: SHB John Husson 0-0: Swinging Strike
0-1: Called Strike
0-2: Ball
1-2: Strikes out swinging
Batting: RHB Kenny Ball 0-0: Fly out, F9 (Flyball, 89S, EV 80.0 MPH)
Top of the 4th over - 2 runs, 2 hits, 0 errors, 2 left on base; Palm Beach 2 - Madison 0
BOTTOM OF THE 4TH
Madison Brewers batting - Pitching for Palm Beach Nationals : RHP Greg Hall
Batting: RHB Steve Errico 0-0: Foul Ball, location: 2F
0-1: Reached on error, E5 (Groundball, 56, EV 101.9 MPH)
Batting: RHB Xiao-shuang Au 0-0: Ball
1-0: Ground out 4-3 (Groundball, 4D, EV 100.6 MPH)
Steve Errico to third
Batting: LHB Tony Hasbun 0-0: Fly out, F8 (Flyball, 8RM, EV 93.8 MPH)
Batting: LHB Jesus Huante 0-0: Ball
1-0: Ball
2-0: Ball
3-0: Base on Balls
Batting: RHB Malcolm McCauley 0-0: Called Strike
0-1: Swinging Strike
0-2: Strikes out swinging
Bottom of the 4th over - 0 runs, 0 hits, 1 error, 2 left on base; Palm Beach 2 - Madison 0
TOP OF THE 5TH
Palm Beach Nationals batting - Pitching for Madison Brewers : LHP Jon Ortiz
Batting: RHB Joe Simmelink 0-0: Ball
1-0: Called Strike
1-1: Foul Ball, location: 2F
1-2: Ground out 6-3 (Groundball, 6, EV 98.1 MPH)
Batting: RHB Akira Ishihara 0-0: Ball
1-0: Fly out, F9 (Flyball, 89D, EV 92.5 MPH)
Batting: LHB Vince McLane 0-0: Ball
1-0: Ground out 4-3 (Groundball, 4, EV 84.4 MPH)
Top of the 5th over - 0 runs, 0 hits, 0 errors, 0 left on base; Palm Beach 2 - Madison 0
BOTTOM OF THE 5TH
Madison Brewers batting - Pitching for Palm Beach Nationals : RHP Greg Hall
Batting: RHB Mohammed bin Ubaida 0-0: Ball
1-0: Ball
2-0: Ball
3-0: Base on Balls
Batting: LHB Alex Chairez 0-0: Called Strike
0-1: SINGLE (Line Drive, 89S, EV 100.0 MPH)
Mohammed bin Ubaida to second
Runner from 2nd tries for 3rd, SAFE, throw by RF made to third
Batting: LHB Steven Donovan 0-0: Ball
1-0: Fly out, F8 (Line Drive, 8LM, EV 103.8 MPH)
Batting: LHB Dusty Bryant 0-0: Ball
1-0: Ball
2-0: Ball
3-0: Called Strike
3-1: Called Strike
3-2: Foul Ball, location: 2F
3-2: Fly out, F9 (Flyball, 9LSF, EV 88.1 MPH)
Batting: RHB Steve Errico 0-0: Ball
1-0: Ball
2-0: Called Strike
2-1: Ball
3-1: Called Strike
3-2: Base on Balls
Alex Chairez to second
Pinch Hitting: RHB Wiliama Dana 0-0: Called Strike
0-1: Ball
1-1: Swinging Strike
1-2: Foul Ball, location: 2F
1-2: Strikes out swinging
Bottom of the 5th over - 0 runs, 1 hit, 0 errors, 3 left on base; Palm Beach 2 - Madison 0
TOP OF THE 6TH
Palm Beach Nationals batting - Pitching for Madison Brewers : LHP Jon Ortiz
Now at 2B: Wiliama Dana
Now at 3B: Tony Hasbun
Batting: RHB Aaron Bateman 0-0: Ball
1-0: Ball
2-0: Called Strike
2-1: Ball
3-1: Foul Ball, location: 2F
3-2: Base on Balls
Batting: LHB Chris Williams 0-0: Fly out, F3 (Popup, 3SF, EV 76.2 MPH)
Batting: RHB Steve Kunselman 0-0: Foul Ball, location: 2F
0-1: Foul Ball, location: 2F
0-2: Ball
1-2: SINGLE (Line Drive, 7S, EV 105.6 MPH)
Aaron Bateman to second
Batting: RHB Er Le 0-0: Called Strike
0-1: Ball
1-1: Ball
2-1: Swinging Strike
2-2: Strikes out swinging
Batting: SHB John Husson 0-0: Called Strike
0-1: Ball
1-1: SINGLE (Line Drive, 7S, EV 85.0 MPH)
Aaron Bateman to third
Steve Kunselman to second
Runner from 3rd tries for Home, SAFE, throw by LF to home
Batting: RHB Kenny Ball 0-0: Foul Ball, location: 2F
0-1: Ball
1-1: Reached via error on a dropped throw from 2B, E3 (Groundball, 4, EV 88.1 MPH)
Steve Kunselman to third
John Husson to second
Batting: RHB Joe Simmelink 0-0: Ball
1-0: Swinging Strike
1-1: Ball
2-1: Ball
3-1: Base on Balls
Steve Kunselman scores
John Husson to third
Kenny Ball to second
Batting: RHB Akira Ishihara 0-0: GRAND SLAM HOME RUN (Flyball, 78XD, EV 101.9 MPH), Distance : 407 ft
Batting: LHB Vince McLane 0-0: Ground out 1-3 (Groundball, 15S, EV 70.6 MPH)
Top of the 6th over - 6 runs, 3 hits, 1 error, 0 left on base; Palm Beach 8 - Madison 0
BOTTOM OF THE 6TH
Madison Brewers batting - Pitching for Palm Beach Nationals : RHP Greg Hall
Batting: LHB Tony Hasbun 0-0: Called Strike
0-1: Ball
1-1: Called Strike
1-2: Ball
2-2: SINGLE (Groundball, 6S, EV 68.8 MPH) (infield hit)
Batting: LHB Jesus Huante 0-0: Ball
1-0: Called Strike
1-1: Ball
2-1: Fielders Choice at 2nd, U6 (Groundball, 4M, EV 86.2 MPH)
Batting: RHB Malcolm McCauley 0-0: Called Strike
0-1: Ball
1-1: Grounds into double play, 4-6-3 (Groundball, 4, EV 102.5 MPH)
Bottom of the 6th over - 0 runs, 1 hit, 0 errors, 0 left on base; Palm Beach 8 - Madison 0
TOP OF THE 7TH
Palm Beach Nationals batting - Pitching for Madison Brewers : LHP Jon Ortiz
Pitching: RHP Ryan Powers
Batting: RHB Aaron Bateman 0-0: Ball
1-0: Foul Ball, location: 2F
1-1: Fly out, F9 (Flyball, 9, EV 87.5 MPH)
Batting: LHB Chris Williams 0-0: Called Strike
0-1: Ball
1-1: Called Strike
1-2: Ball
2-2: Ball
3-2: Base on Balls
Batting: RHB Steve Kunselman 0-0: Ball
1-0: Ball
2-0: Ball
3-0: Foul Ball, location: 2F
3-1: Foul Ball, location: 2F
3-2: Base on Balls
Chris Williams to second
Batting: RHB Er Le 0-0: Ball
1-0: Called Strike
1-1: Swinging Strike
1-2: Strikes out swinging
Batting: SHB John Husson 0-0: Ball
1-0: Ball
2-0: Ball
3-0: Base on Balls
Chris Williams to third
Steve Kunselman to second
Pinch Hitting: RHB Jessie Fisher 0-0: Called Strike
0-1: Fly out, F7 (Flyball, 7D, EV 90.6 MPH)
Top of the 7th over - 0 runs, 0 hits, 0 errors, 3 left on base; Palm Beach 8 - Madison 0
BOTTOM OF THE 7TH
Madison Brewers batting - Pitching for Palm Beach Nationals : RHP Greg Hall
Now at 1B: Jessie Fisher
Pinch Hitting: RHB Troy Morin 0-0: Called Strike
0-1: Called Strike
0-2: Foul Ball, location: 2F
0-2: Foul Ball, location: 2F
0-2: Ball
1-2: Foul Ball, location: 2F
1-2: Strikes out swinging
Batting: LHB Alex Chairez 0-0: Called Strike
0-1: Foul Ball, location: 2F
0-2: Foul Ball, location: 2F
0-2: Ball
1-2: Ball
2-2: SINGLE (Groundball, 6MD, EV 105.6 MPH) (infield hit)
Batting: LHB Steven Donovan 0-0: Called Strike
0-1: Ball
1-1: Ball
2-1: Ball
3-1: Base on Balls
Alex Chairez to second
Batting: LHB Dusty Bryant 0-0: Ball
1-0: Ball
2-0: Ball
3-0: Called Strike
3-1: Called Strike
3-2: SINGLE (Groundball, 34D, EV 102.5 MPH)
Alex Chairez to third
Steven Donovan to second
Runner from 3rd tries for Home, SAFE, throw by RF to home
Steven Donovan to third
Dusty Bryant to second
Pitching: RHP Kiyonaga Nakamura
Batting: RHB Steve Errico 0-0: SINGLE (Line Drive, 7LM, EV 103.1 MPH)
Steven Donovan scores
Dusty Bryant to third
Runner from 3rd tries for Home, SAFE, throw by LF to home
Steve Errico to second
Batting: RHB Wiliama Dana 0-0: Ball
1-0: Ball
2-0: Foul Ball, location: 2F
2-1: Foul Ball, location: 2F
2-2: Ground out 6-3 (Groundball, 6, EV 85.0 MPH)
Batting: LHB Tony Hasbun 0-0: Foul Ball, location: 2F
0-1: Ground out 5-3 (Groundball, 5, EV 85.6 MPH)
Bottom of the 7th over - 3 runs, 3 hits, 0 errors, 1 left on base; Palm Beach 8 - Madison 3
TOP OF THE 8TH
Palm Beach Nationals batting - Pitching for Madison Brewers : RHP Ryan Powers
Now at SS: Troy Morin
Pinch Hitting: RHB Taffounnout Kame 0-0: SINGLE (Line Drive, 89M, EV 103.1 MPH)
Batting: RHB Akira Ishihara 0-0: Called Strike
0-1: Called Strike
Taffounnout Kame is caught stealing 2nd base 2-4
0-2: Strikes out swinging
Batting: LHB Vince McLane 0-0: Fly out, F9 (Line Drive, 89M, EV 90.0 MPH)
Top of the 8th over - 0 runs, 1 hit, 0 errors, 0 left on base; Palm Beach 8 - Madison 3
BOTTOM OF THE 8TH
Madison Brewers batting - Pitching for Palm Beach Nationals : RHP Kiyonaga Nakamura
Now at 3B: Taffounnout Kame
Batting: LHB Jesus Huante 0-0: Ball
1-0: Ground out U3 (Groundball, 13, EV 82.5 MPH)
Pinch Hitting: RHB Tony Beaumond 0-0: Swinging Strike
0-1: Ball
1-1: Ball
2-1: SINGLE (Line Drive, 6D, EV 103.8 MPH)
Batting: RHB Troy Morin 0-0: Called Strike
0-1: Ball
1-1: Fly out, F7 (Flyball, 7S, EV 93.1 MPH)
Batting: LHB Alex Chairez 0-0: Foul Ball, location: 2F
0-1: Foul Ball, location: 2F
0-2: Ball
1-2: Ball
2-2: Strikes out swinging
Bottom of the 8th over - 0 runs, 1 hit, 0 errors, 1 left on base; Palm Beach 8 - Madison 3
TOP OF THE 9TH
Palm Beach Nationals batting - Pitching for Madison Brewers : RHP Ryan Powers
Now in CF: Todd Massad
Batting: RHB Aaron Bateman 0-0: Ball
1-0: Ball
2-0: Foul Ball, location: 2F
2-1: Foul Ball, location: 2F
2-2: Strikes out swinging
Batting: LHB Chris Williams 0-0: Foul Ball, location: 2F
0-1: Fly out, F7 (Flyball, 7S, EV 85.0 MPH)
Batting: RHB Steve Kunselman 0-0: Called Strike
0-1: Ball
1-1: Called Strike
1-2: Ball
2-2: Ball
3-2: Foul Ball, location: 2F
3-2: Foul Ball, location: 2F
3-2: Foul Ball, location: 2F
3-2: Base on Balls
Batting: RHB Er Le 0-0: Ball
1-0: Foul Ball, location: 2F
1-1: Ball
Steve Kunselman is caught stealing 2nd base 2-4
Top of the 9th over - 0 runs, 0 hits, 0 errors, 0 left on base; Palm Beach 8 - Madison 3
BOTTOM OF THE 9TH
Madison Brewers batting - Pitching for Palm Beach Nationals : RHP Kiyonaga Nakamura
Batting: LHB Steven Donovan 0-0: Foul Ball, location: 2F
0-1: Ball
1-1: Foul Ball, location: 2F
1-2: Ball
2-2: Ball
3-2: Ground out 6-3 (Groundball, 6, EV 112.5 MPH)
Batting: LHB Dusty Bryant 0-0: Ball
1-0: Ball
2-0: Foul Ball, location: 2F
2-1: Ground out 4-3 (Groundball, 34, EV 88.1 MPH)
Batting: RHB Steve Errico 0-0: Ball
1-0: Ball
2-0: Called Strike
2-1: Ball
3-1: Base on Balls
Batting: RHB Wiliama Dana 0-0: Ball
1-0: Ball
2-0: Fly out, F9 (Flyball, 9D, EV 98.1 MPH)
Bottom of the 9th over - 0 runs, 0 hits, 0 errors, 1 left on base; Palm Beach 8 - Madison 3
Tuesday, September 13th , 2022 - OOTP Baseball 23.7 Build 88